 Dungeon Crawl Stone Soup version 0.17.1-1-g73c8601 (webtiles) character file.

35 JustSomeDude the Sneak (level 3, -1/27 HPs)
             Began as a Demonspawn Assassin on Dec 17, 2015.
             Was an Initiate of Dithmenos.
             Slain by an orc
             ... wielding a +0 short sword
              (6 damage)
             ... on level 3 of the Dungeon.
             The game lasted 00:06:40 (1526 turns).

JustSomeDude the Sneak (Demonspawn Assassin)        Turns: 1526, Time: 00:06:40

Health: -1/27      AC:  3    Str: 12    XL:     3   Next: 17%
Magic:  3/3        EV: 12    Int: 12    God:    Dithmenos [......]
Gold:   121        SH:  0    Dex: 14    Spells: 0 memorised, 2 levels left

rFire  . . .     SeeInvis .     a - +2 dagger
rCold  . . .     Clarity  .     c - +0 robe
rNeg   . . .     SustAt   .     (no shield)
rPois  .         Gourm    .     (helmet restricted)
rElec  .         Spirit   .     d - +0 cloak
rCorr  .         Warding  .     (no gloves)
rMut   .         Stasis   .     (no boots)
MR     .....                    (no amulet)
Stlth  +++.......               (no ring)
                                (no ring)

@: not resistant to hostile enchantments, fairly stealthy
A: antennae 1
a: Renounce Religion


You were on level 3 of the Dungeon.
You worshipped Dithmenos.
Dithmenos was noncommittal.
You were not hungry.

You visited 1 branch of the dungeon, and saw 3 of its levels.

You collected 121 gold pieces.

Inventory:

Hand Weapons
 a - a +2 dagger (weapon)
 b - a +0 blowgun
 t - a +1 dagger of holy wrath
Missiles
 e - 8 poisoned needles
 f - 2 curare-tipped needles
 j - 8 javelins (quivered)
Armour
 c - a +0 robe (worn)
 d - a +0 cloak (worn)
Jewellery
 o - an uncursed ring of invisibility {unknown}
Scrolls
 k - 3 scrolls of enchant weapon {unknown}
 m - 2 scrolls of recharging {unknown}
 q - a scroll of blinking {unknown}
 r - a scroll of remove curse {unknown}
 s - a scroll of teleportation {unknown}
 w - a scroll of identify {unknown}
 x - a scroll of amnesia {unknown}
Potions
 h - a potion of mutation {unknown}
 i - a potion of brilliance {unknown}
 l - a potion of might {unknown}
 n - 2 potions of curing {unknown}
 u - a potion of degeneration {unknown}
 v - a potion of flight {unknown}
 z - a potion of lignification {unknown}
Comestibles
 g - 2 bread rations
 p - a slice of pizza


   Skills:
 + Level 2.0 Fighting
 + Level 1.9 Short Blades
 + Level 1.8 Throwing
 + Level 1.0 Dodging
 + Level 4.6 Stealth


You had 2 spell levels left.
You didn't know any spells.

Dungeon Overview and Level Annotations

Branches:
Dungeon (3/15)

Altars:
Ashenzari
Dithmenos
Gozag
Xom

Annotations:
D:3 Jessica


Innate Abilities, Weirdness & Mutations

You have a pair of small antennae on your head.


Message History

You barely miss Jessica.
Jessica looks very angry.
Jessica casts a spell at you. Pain shoots through your body!
The jackal barks!
You hit Jessica but do no damage. Jessica barely misses you.
You closely miss Jessica. Jessica casts a spell at you.
Pain shoots through your body!
You closely miss Jessica. The orc barely misses you.
Jessica closely misses you.
You hit Jessica.
Jessica is lightly wounded.
The orc barely misses you. The jackal misses you.
Jessica points at you and mumbles some strange words.
Pain shoots through your body!
* * * LOW HITPOINT WARNING * * *
You are too injured to fight recklessly!
The orc hits you with a short sword.
You die...

###.##8..8# #...#.....#
.###### +...###..##
≈≈≈.... ######...#_....#
..≈≈≈≈.##........###..##
⌠....≈..#.##..##.#8....#
..._....#.#...##.###..##
⌠....≈.@#.#...##.# ...._#
..≈≈≈≈.h@........###..###
≈≈≈....o#.###.... ....
..##....#........ .#8.#
#....###......#######
......# ...# ........#
..# ........# .#
.#....### .+ #....


You could see Jessica, an orc and a jackal.

Vanquished Creatures
  An ooze (D:2)
  4 giant geckos (D:2)
  2 giant cockroaches
  5 goblins
  4 hobgoblins (D:1)
  4 kobolds
  A ball python (D:1)
  2 bats (D:1)
  3 giant newts
  2 rats
28 creatures vanquished.

Notes
Turn   | Place    | Note
--------------------------------------------------------------
     0 | D:1      | JustSomeDude the Demonspawn Assassin began the quest for the Orb.
     0 | D:1      | Reached XP level 1. HP: 16/16 MP: 1/1
   230 | D:1      | Found a shimmering altar of Xom.
   282 | D:1      | Reached skill level 4 in Stealth
   403 | D:1      | Gained mutation: You have a pair of small antennae on your head. [demonic ancestry]
   403 | D:1      | Reached XP level 2. HP: 22/22 MP: 2/2
  1314 | D:2      | Reached XP level 3. HP: 25/27 MP: 3/3
  1449 | D:2      | Reached skill level 1 in Dodging
  1483 | D:2      | You fall through a shaft!
  1483 | D:3      | Found a shattered altar of Ashenzari.
  1484 | D:3      | Found a shadowy altar of Dithmenos.
  1490 | D:3      | Became a worshipper of Dithmenos the Shadowed
  1516 | D:3      | Noticed Jessica
  1517 | D:3      | Found an opulent altar of Gozag.
  1526 | D:3      | Slain by an orc

Action                   || total
-------------------------++-------
Melee: Dagger            ||    79
 Fire: Blowgun           ||     1
 Stab: Sleeping          ||    12
  Eat: Bread ration      ||     1
